 Dungeon Crawl Stone Soup version 0.24.0-13-gcf9b319 (webtiles) character file.

Game seed: 2973890934082169348, levelgen mode: deterministic

474 Fang the Skirmisher (level 7, -5/44 HPs)
             Began as a Gargoyle Berserker on Dec 9, 2019.
             Was a Priest of Trog.
             Killed by divine providence
             ... invoked by an orc priest
              (11 damage)
             ... on level 5 of the Dungeon.
             The game lasted 00:03:18 (3696 turns).

Fang the Skirmisher (Gargoyle Berserker)            Turns: 3696, Time: 00:03:19

Health: -5/44      AC:  7    Str: 23    XL:     7   Next: 10%
Magic:  7/7        EV: 10    Int:  7    God:    Trog [***...]
Gold:   102        SH:  9    Dex:  9    Spells: 6/6 levels left

rFire    . . .     SeeInvis .   a - +0 broad axe
rCold    . . .     Gourm    .   B - +0 shield
rNeg     + . .     Faith    .   b - +0 animal skin
rPois    ∞         Spirit   .   (no helmet)
rElec    +         Reflect  .   (no cloak)
rCorr    .         Harm     .   (no gloves)
MR       .....                  (no boots)
Stlth    +.........             (no amulet)
HPRegen  0.14/turn              (no ring)
MPRegen  0.10/turn              (no ring)

@: berserk cooldown, slowed, very slow
A: negative energy resistance 1, electricity resistance, unbreathing,
petrification resistance, rot immunity, AC +4
a: Berserk, Trog's Hand, Renounce Religion


You were on level 5 of the Dungeon.
You worshipped Trog.
Trog was most pleased with you.
You were not hungry.

You visited 1 branch of the dungeon, and saw 5 of its levels.

You collected 146 gold pieces.
You spent 44 gold pieces at shops.

Inventory:

Hand Weapons
 a - a +0 broad axe (weapon)
Armour
 b - a +0 animal skin (worn)
 B - a +0 shield (worn)
Jewellery
 o - an uncursed ring of resist corrosion {unknown}
 r - a +2 ring of dexterity {unknown}
Wands
 h - a wand of clouds (5)
Scrolls
 e - a scroll of noise {unknown}
 f - 4 scrolls of identify {unknown}
 k - a scroll of enchant armour {unknown}
 l - a scroll of fear {unknown}
 n - a scroll of enchant weapon {unknown}
 p - 2 scrolls of fog {unknown}
Potions
 d - a potion of berserk rage {unknown}
 g - 4 potions of curing {unknown}
 i - a potion of haste {unknown}
 j - a potion of heal wounds {unknown}
 m - a potion of resistance {unknown}
 q - a potion of brilliance {unknown}
Comestibles
 c - 10 rations


   Skills:
 + Level 4.9 Fighting
 + Level 4.0 Axes
 + Level 4.1 Armour
 + Level 3.1 Dodging
 + Level 2.5 Shields


You had 6 spell levels left.
You didn't know any spells.
Your spell library was empty.

Dungeon Overview and Level Annotations

Branches:
Dungeon (5/15)
 Temple: D:4-7

Altars:

Shops:
D:4 }(}


Innate Abilities, Weirdness & Mutations

You are resistant to torment.
Your stone body is resilient. (AC +4)
You are immune to poison.
You resist negative energy. (rN+)
You are resistant to electric shocks. (rElec)
You can survive without breathing.
You are immune to petrification.
You are immune to rotting.


Message History

You miss something.
You are no longer berserk.
You are exhausted.
You feel yourself slow down.
The orc priest hits you but does no damage.
You hear some strange, mumbled words.
A magic dart appears from out of thin air!
The magic dart hits you. Something hits you but does no damage.
The orc priest barely misses you.
You're too confused to move!
You feel less confused. Something hits you but does no damage.
The orc priest invokes the aid of Beogh against you.
Beogh smites you!
* * * LOW HITPOINT WARNING * * *
Something hits you but does no damage.
The orc priest looks encouraged for a moment.
The orc priest invokes the aid of Beogh against you.
Beogh smites you!
You die...

.####### .. .... #
###.##... ##. ...#...
#>.. #.##..# .# .#
.....###..#.<# .###.#
......o)..#..# .#...#
.......†.@...# ##.#.#.#
#......).##.## #..#.#.##
......?..##.# #.##.....
##.#.....##.### #.##...#
#............####.##...#
##......####...........#
#.#...## #.####.##.#.#
#.##.## #.# #.##.#.# #
#. #.# #.##.#.#


You could see an orc priest.

Vanquished Creatures
  2 ogres
  A hound (D:3)
  2 orc wizards
  2 worker ants (D:4)
  A hound zombie (D:5)
  7 adders
  An ooze (D:3)
  An adder skeleton (D:4)
  2 dart slugs
  2 leopard geckos
  16 orcs
  8 bats
  7 giant cockroaches
  3 goblins
  6 hobgoblins
  4 jackals (D:3)
  A quokka (D:4)
  5 frilled lizards
  5 kobolds
  2 rats (D:2)
78 creatures vanquished.

Notes
Turn   | Place    | Note
-------+----------+-------------------------------------------
     0 | D:1      | Fang the Gargoyle Berserker began the quest for the Orb.
     0 | D:1      | Reached XP level 1. HP: 14/14 MP: 1/1
   180 | D:1      | Reached XP level 2. HP: 19/19 MP: 2/2
   883 | D:2      | Reached XP level 3. HP: 19/23 MP: 3/3
   917 | D:2      | You fall into a shaft and drop 1 floor!
   923 | D:3      | Reached ** piety under Trog
  1003 | D:3      | Reached XP level 4. HP: 20/29 MP: 4/4
  2004 | D:3      | Reached skill level 1 in Shields
  2004 | D:3      | Reached XP level 5. HP: 30/33 MP: 5/5
  2113 | D:4      | Noticed an ogre
  2130 | D:4      | Killed an ogre
  2138 | D:4      | Reached XP level 6. HP: 24/39 MP: 6/6
  2697 | D:4      | Found Paudghop's Gadget Boutique.
  2710 | D:4      | Found Owofraiv's Weapon Boutique.
  2715 | D:4      | Bought a +0 broad axe for 44 gold pieces
  3060 | D:4      | Found Fiwavveick's Gadget Emporium.
  3353 | D:5      | Entered Level 5 of the Dungeon
  3409 | D:5      | Reached *** piety under Trog
  3470 | D:5      | Reached XP level 7. HP: 22/44 MP: 7/7
  3696 | D:5      | Killed from afar by an orc priest

Levels and vault maps discovered:
D:1:      wheals_arrival_linesprint, layout_basic, ebering_dispersal_statue_hall
D:2:      layout_loops_cross, nicolae_overflow_hidden_temple,
          chequers_ecumenical_altar_lobes, nrook_mini_vaults,
          kennysheep_jessica_study, uniq_natasha, uniq_robin, uniq_jessica
D:3:      layout_loops_corners, chequers_serial_rivers_small_a, dk_vineyard_1
D:4:      layout_loops_corners, serial_shops, shop, shop, shop_statue, hex_large
D:5:      layout_loops_ring, first_ration, uniq_duvessa

Skill      XL: |  1  2  3  4  5  6 |
---------------+-------------------+-----
Axes           | 3 4 |  4.0
Dodging        | 2 3 |  3.1
Armour         | 3 4 |  4.1
Fighting       | 4 |  4.9
Shields        | 1 2 |  2.5

Action                   |  1- 3 |  4- 6 |  7- 9 || total
-------------------------+-------+-------+-------++-------
Melee: Hand axe          |    78 |   163 |       ||   241
       Broad axe         |       |    53 |    12 ||    65
Invok: Berserk           |     1 |     3 |     1 ||     5
  Eat: Chunk             |       |    11 |     2 ||    13
Armor: Animal skin       |    29 |    71 |    12 ||   112
Dodge: Dodged            |    67 |   104 |    11 ||   182
Block: Shield            |       |    88 |     8 ||    96
